 Dungeon Crawl Stone Soup version 0.28-a0-397-g1a7b1a870f (webtiles) character file.

Game seed: 7931773573377775648

13775 AmrAamAmr the Earth Mage (level 12, -4/67 HPs)
             Began as a Gargoyle Earth Elementalist on Sept 4, 2021.
             Was a Believer of Makhleb.
             Killed by an exploding yak (28 damage)
             ... ignited by their inner flame
             ... in a Gauntlet.
             The game lasted 00:58:44 (12486 turns).

AmrAamAmr the Earth Mage (GrEE)                    Turns: 12486, Time: 00:58:45

Health: -4/67      AC: 21    Str: 12    XL:     12   Next: 9%
Magic:  27/27      EV: 11    Int: 24    God:    Makhleb [**....]
Gold:   622        SH:  0    Dex: 10    Spells: 1/15 levels left

rFire   . . .      SeeInvis .   E - staff of earth
rCold   . . .      Faith    .   (no shield)
rNeg    + + .      Spirit   .   K - +3 ring mail
rPois   ∞          Reflect  .   D - +0 helmet
rElec   +          Harm     .   p - +0 cloak
rCorr   .          Rampage  .   (no gloves)
Will    ++...      NoTele   +   G - +0 pair of boots
Stlth   +.........              (no amulet)
HPRegen 0.21/turn               k - ring of magical power
MPRegen 0.20/turn               Z - ring of Heiwat {rN+ Will++ Int+3}

@: brilliant
A: sickness immunity, AC +8, negative energy resistance 1, electricity
resistance, torment resistance 1, petrification resistance
a: Renounce Religion, Minor Destruction


You were in a Gauntlet.
You worshipped Makhleb.
Makhleb was pleased with you.
You visited 3 branches of the dungeon, and saw 12 of its levels.
You also visited: Gauntlet.

You collected 644 gold pieces.
You spent 22 gold pieces at shops.

Inventory:

Hand Weapons
 n - a +0 hunting sling
 o - a +2 flail of holy wrath
 C - a +1 whip of electrocution
 X - a +2 war axe of flaming
Missiles
 c - 362 stones
 i - 29 bolts
 z - 67 poisoned darts
 B - 56 arrows
 F - 32 sling bullets
 I - 2 boomerangs of dispersal
 R - 5 boomerangs
 T - 10 curare-tipped darts
Armour
 b - a +0 robe
 p - a +0 cloak (worn)
 r - a +0 kite shield
 D - a +0 helmet (worn)
 G - a +0 pair of boots (worn)
 K - a +3 ring mail (worn)
Magical Staves
 E - a staff of earth (weapon)
 Q - a staff of poison
Jewellery
 g - an amulet of guardian spirit
 k - a ring of magical power (left hand)
 Y - a ring of fire
 Z - the ring of Heiwat (right hand) {rN+ Will++ Int+3}
   (You found it in a Gauntlet)

   [ring of positive energy]

   Int:       It affects your intelligence (+3).
   rN:        It protects you from negative energy.
   Will:      It greatly increases your willpower.
Wands
 q - a wand of digging (4)
 y - a wand of polymorph (19)
 L - a wand of flame (22)
 M - a wand of acid (16)
 S - a wand of iceblast (5)
 V - a wand of charming (6)
Scrolls
 e - a scroll of silence
 j - 5 scrolls of teleportation
 l - 3 scrolls of enchant armour
 m - a scroll of brand weapon
 s - 2 scrolls of amnesia
 t - a scroll of enchant weapon
 w - a scroll of fear
 A - 2 scrolls of magic mapping
 P - a scroll of noise
 W - a scroll of summoning
Potions
 a - a potion of cancellation
 d - 2 potions of berserk rage {unknown}
 f - 2 potions of brilliance
 h - 2 potions of curing
 u - a potion of invisibility {unknown}
 v - 2 potions of mutation {unknown}
 x - 4 potions of heal wounds {unknown}
 H - 3 potions of haste
 J - a potion of ambrosia {unknown}
 N - a potion of might {unknown}
 O - a potion of magic


   Skills:
 * Level 4.4 Fighting
 + Level 5.7 Armour
 + Level 3.7 Dodging
 - Level 2.1 Stealth
 - Level 2.0 Spellcasting
 + Level 8.5 Conjurations
 - Level 0.7 Transmutations
 + Level 15.7 Earth Magic
 * Level 8.1 Invocations
 + Level 0.3 Evocations


You had one spell level left.
You knew the following spells:

 Your Spells              Type           Power      Damage    Failure   Level
a - Sandblast             Erth           100%       2d20      1%          1
b - Passwall              Tmut/Erth      63%        N/A       1%          2
c - Stone Arrow           Conj/Erth      100%       3d13      1%          3
d - Petrify               Tmut/Erth      76%        N/A       9%          4
e - Animate Armour        Summ/Erth      100%       N/A       10%         4

Your spell library contained the following spells:

 Spells                   Type           Power      Damage    Failure   Level
 Animate Skeleton         Necr           6%         N/A       24%         1
 Freeze                   Ice            12%        1d4       24%         1
 Pain                     Necr           12%        1d4       24%         1
 Hailstorm                Conj/Ice       34%        3d9       38%         4
 Frozen Ramparts          Ice            6%         1d2       58%         3
 Vampiric Draining        Necr           1%         2d6       58%         3
 Summon Ice Beast         Ice/Summ       3%         N/A       94%         4
 Summon Mana Viper        Hex/Summ       3%         N/A       100%        5
 Monstrous Menagerie      Summ           1%         N/A       100%        7
 Borgnjor's Revivificati  Necr           1%         N/A       100%        8
 Lehudib's Crystal Spear  Conj/Erth      47%        10d11     100%        8
 Necromutation            Tmut/Necr      3%         N/A       100%        8
 Death's Door             Necr           1%         N/A       100%        9


Dungeon Overview and Level Annotations

Branches:
Dungeon (8/15)             Temple (1/1) D:6            Lair (3/6) D:8
 Spider (0/4) Lair:2      Gauntlet (1/1)
  Swamp: Lair:2-4    Shoals: Lair:2-4

Altars:
Ashenzari
Dithmenos
Elyvilon
Fedhas
Gozag
Kikubaaqudgha
Makhleb
Qazlal
Sif Muna
Trog
Uskayaw
Vehumet
Wu Jian
Xom
Zin
The Shining One

Shops:
D:1 *:*[   D:6 *   D:7 (   D:8 *

Annotations:
Gauntlet 7 transporters, 2 runed translucent doors


Innate Abilities, Weirdness & Mutations

You are immune to sickness and miasma.
Your stone body is resilient. (AC +8)
You are immune to poison.
You resist negative energy. (rN+)
You are resistant to electric shocks. (rElec)
You are resistant to unholy torment.
You are immune to petrification.


Message History

You swap places.
Something gores your cyclops! Something gores your cyclops!
Something gores your cyclops! Something gores your cyclops!
Your cyclops dies!
Your cyclops's corpse dissolves into shadows!
Something gores your yak!
Something gores your yak but does no damage.
Something gores your yak but does no damage.
Something gores your yak! Something gores your yak!!
Your yak dies!
Your yak's corpse dissolves into shadows!
Something gores your yak!! Something gores your yak.
Something gores your yak but does no damage.
Something gores your yak!
Your yak dies!
Your yak's corpse dissolves into shadows!
Something gores your yak! Something gores your yak.
Your yak dissolves into shadows!
Something gores your yak! Magic courses through your body.
Your yak gores the death yak.
Your yak completely misses the death yak.
You feel clever all of a sudden. The death yak gores your yak.
Your yak barely misses the death yak.
Your yak gores the death yak but does no damage.
It was a potion of curing.
You feel better. The death yak gores your yak!
Your yak gores the death yak but does no damage.
Your yak gores the death yak!
As you read the scroll of immolation, it crumbles to dust.
The creatures around you are filled with an inner flame!
Your yak dissolves into shadows!
The death yak gores your yak!!
Your yak's corpse dissolves into shadows!
Your yak explodes!
The fiery explosion engulfs you!!
You die...

#≈.....................≈#
##.#########.#########.##
##≈.#..(©?w^#.#.=.©!(.#.≈##
#≈≈.#.#####.#.#.#YYZ#.#.≈≈#
##≈.#.#≈≈≈#.#.#.#YYp#.#.≈##
##.#.#.©.#.###.##Y##.#.##
##≈.#.+...+w#.#..#.#..#.≈##
#≈≈.#.#####w#.####Y####.≈≈#
##≈.#^.....w#.#.@§....#.≈##
##.#########.#########.##
##≈....#©.........©#....≈##
#≈≈..⌠.#.⌠.⌠.⌠.⌠.⌠.#.⌠..≈≈#
##≈....#©.........©#....≈##
##.###################.##
##≈.#...©...#.#y##yy..#.≈##
#≈≈.#.#####.#.#..##.:##.≈≈#
##≈.#...#...#.#...#.###.≈##


You could see a death yak (inner flame, soul bound), a tyrant leech, 2 swamp
worms and 3 hornets.

Vanquished Creatures
  A death yak (Gauntlet)
  A two-headed ogre (D:8)
  Sonja (Lair:1)
  An ugly thing (D:6)
  3 wolf spiders (Lair:2)
  4 elephants
  3 black mambas
  3 cane toads
  A komodo dragon (Lair:1)
  A rime drake (Lair:2)
  2 jumping spiders (Lair:2)
  6 hornets (Gauntlet)
  6 yaks
  Eustachio (D:5)
  3 wyverns
  2 basilisks
  Edmund (D:5)
  5 water moccasins
  7 black bears
  A necrophage (D:5)
  2 ogres
  3 wolves (Lair:2)
  A phantom (D:4)
  A kobold brigand (D:8)
  2 scorpions
  A wyvern zombie (D:7)
  4 bullfrogs
  3 wights (D:8)
  2 lava snakes (D:7)
  A bullfrog zombie (D:5)
  2 centaur zombies
  8 orc priests (D:5)
  4 hounds
  An orc wizard (D:5)
  A scorpion zombie (D:5)
  An iguana (D:4)
  3 hell rats (Lair:1)
  3 gnolls (D:5)
  9 adders
  2 river rats (Lair:1)
  A shadow imp (D:7)
  A white imp (D:7)
  An adder skeleton (D:4)
  2 worms
  3 dart slugs
  10 orcs
  2 bat skeletons (D:3)
  5 bat zombies (D:3)
  7 endoplasms
  4 giant cockroaches
  7 goblins
  6 hobgoblins
  6 quokkas
  3 ball pythons
  5 bats
  9 frilled lizards
  10 kobolds
  9 rats
198 creatures vanquished.

Vanquished Creatures (others)
  5 fungi
  6 plants
11 creatures vanquished.

Grand Total: 209 creatures vanquished

Notes
Turn   | Place    | Note
-------+----------+-------------------------------------------
     0 | D:1      | AmrAamAmr the Gargoyle Earth Elementalist began the quest
                  | for the Orb.
     0 | D:1      | Reached XP level 1. HP: 10/10 MP: 3/3
    89 | D:1      | Found Oqume Yrre's General Store.
   130 | D:1      | Found Vainwyr's Book Emporium.
   135 | D:1      | Bought a scroll of identify for 22 gold pieces
   143 | D:1      | Reached skill level 4 in Earth Magic
   157 | D:1      | Found Ocyzashra's Armour Shoppe.
   223 | D:1      | Reached XP level 2. HP: 15/15 MP: 3/5
   468 | D:1      | Found Yptayl's General Store.
   833 | D:1      | Reached XP level 3. HP: 19/19 MP: 2/6
  1393 | D:2      | Reached skill level 5 in Earth Magic
  2090 | D:2      | Reached XP level 4. HP: 24/24 MP: 7/7
  2619 | D:3      | Found an ancient bone altar of Kikubaaqudgha.
  2816 | D:4      | Reached skill level 6 in Earth Magic
  2826 | D:4      | Learned a level 2 spell: Passwall
  2830 | D:4      | Learned a level 3 spell: Stone Arrow
  2852 | D:4      | Reached skill level 1 in Fighting
  2856 | D:4      | Reached XP level 5. HP: 18/29 MP: 8/8
  3097 | D:4      | Noticed a black bear
  3105 | D:4      | Killed a black bear
  3106 | D:4      | Reached skill level 7 in Earth Magic
  3106 | D:4      | Reached XP level 6. HP: 34/34 MP: 9/9
  3392 | D:4      | Reached skill level 8 in Earth Magic
  3983 | D:5      | Entered Level 5 of the Dungeon
  4440 | D:5      | Reached XP level 7. HP: 32/38 MP: 10/10
  4528 | D:5      | Reached skill level 9 in Earth Magic
  4818 | D:5      | Noticed Eustachio
  4825 | D:5      | Killed Eustachio
  4826 | D:5      | Reached skill level 10 in Earth Magic
  4826 | D:5      | Reached XP level 8. HP: 43/43 MP: 6/11
  5000 | D:4      | Reached skill level 1 in Conjurations
  5000 | D:4      | Reached skill level 11 in Earth Magic
  5125 | D:5      | Found a bloodstained altar of Trog.
  5186 | D:5      | Noticed Edmund
  5188 | D:5      | Killed Edmund
  5487 | D:6      | Found a staircase to the Ecumenical Temple.
  5500 | Temple   | Entered the Ecumenical Temple
  5538 | Temple   | Became a worshipper of Makhleb the Destroyer
  5823 | D:6      | Found Dousyado's Elemental Accessories.
  5872 | D:6      | Reached skill level 12 in Earth Magic
  6239 | D:7      | Reached skill level 1 in Invocations
  6281 | D:7      | Reached XP level 9. HP: 48/48 MP: 12/12
  6333 | D:7      | Learned a level 4 spell: Petrify
  6554 | D:7      | Found a shimmering blue altar of Sif Muna.
  6720 | D:7      | Noticed a green ugly thing
  6937 | D:6      | Killed a green ugly thing
  7047 | D:7      | Reached skill level 1 in Armour
  7162 | D:7      | Found Mearuus's Antique Weapon Shop.
  7199 | D:8      | Reached skill level 13 in Earth Magic
  7686 | D:8      | Reached XP level 10. HP: 53/53 MP: 13/13
  7790 | D:8      | Found Uramiq's Gadget Gallery.
  7996 | D:8      | Found a hide-covered altar of Uskayaw.
  8001 | D:8      | Reached * piety under Makhleb
  8126 | D:8      | Noticed a two-headed ogre
  8133 | D:8      | Killed a two-headed ogre
  8134 | D:8      | Reached skill level 5 in Conjurations
  8134 | D:8      | Reached skill level 14 in Earth Magic
  8134 | D:8      | Reached skill level 5 in Invocations
  8336 | D:8      | Found a staircase to the Lair.
  8618 | Lair:1   | Entered Level 1 of the Lair of Beasts
  8620 | Lair:1   | Noticed Sonja
  8621 | Lair:1   | Noticed a cane toad
  8623 | Lair:1   | Noticed a cane toad
  8630 | D:8      | Killed a cane toad
  8791 | Lair:1   | Killed Sonja
  8891 | Lair:1   | Killed a cane toad
  9438 | Lair:1   | Noticed a black mamba
  9455 | Lair:1   | Killed a black mamba
  9682 | Lair:1   | Reached XP level 11. HP: 57/57 MP: 12/15
 10448 | Lair:2   | Learned a level 4 spell: Animate Armour
 11010 | Lair:2   | Reached skill level 15 in Earth Magic
 11050 | Lair:2   | Reached ** piety under Makhleb
 11058 | Lair:1   | Reached skill level 5 in Armour
 11479 | Lair:2   | Noticed a wolf spider
 11481 | Lair:2   | Noticed a wolf spider
 11481 | Lair:2   | Noticed a wolf spider
 11488 | Lair:2   | Killed a wolf spider
 11491 | Lair:2   | Killed a wolf spider
 11494 | Lair:2   | Killed a wolf spider
 11803 | Lair:2   | Found a hole to the Spider Nest.
 12029 | Lair:3   | Found a gate leading to a gauntlet.
 12042 | Gauntlet | Entered a Gauntlet
 12042 | Gauntlet | Found a transporter.
 12042 | Gauntlet | Found a transporter.
 12044 | Gauntlet | Found a transporter.
 12044 | Gauntlet | Found a transporter.
 12048 | Gauntlet | Found a transporter.
 12048 | Gauntlet | Found a transporter.
 12078 | Gauntlet | Found a transporter.
 12082 | Gauntlet | Found a transporter.
 12086 | Gauntlet | Found a runed translucent door.
 12086 | Gauntlet | Found a runed translucent door.
 12090 | Gauntlet | Found a transporter.
 12103 | Gauntlet | Noticed a necromancer
 12106 | Gauntlet | Found a transporter.
 12110 | Gauntlet | Noticed a death yak
 12110 | Gauntlet | Noticed a death yak
 12111 | Gauntlet | Noticed a death yak
 12112 | Gauntlet | Noticed a death yak
 12113 | Gauntlet | Noticed a death yak
 12116 | Gauntlet | Noticed a death yak
 12123 | Gauntlet | Found a transporter.
 12124 | Gauntlet | Found a transporter.
 12313 | Gauntlet | Reached XP level 12. HP: 53/66 MP: 13/18
 12433 | Gauntlet | Identified the ring of Heiwat {rN+ Will++ Int+3}
 12460 | Gauntlet | Killed a death yak
 12486 | Gauntlet | Killed by an exploding yak... ignited by their inner flame

Illustrated notes

Levels and vault maps discovered:
D:1:      amcnicky_arrival_single_pillar, layout_loops_ring, serial_shops,
          nicolae_shop_waterfront, shop, nicolae_shop_behind_doors,
          nicolae_shop_waterfront, serial_bayou_pond_a
D:2:      layout_loops_ring
D:3:      layout_basic, kennysheep_vampire_church
D:4:      layout_basic, grunt_decor_fettered
D:5:      layout_rooms, kennysheep_little_box, uniq_eustachio, uniq_edmund
D:6:      layout_cave_pools, minmay_temple_entry_ruins, nicolae_elemental_shop
D:7:      kennysheep_big_flooded_room, layout_rooms,
          mainiacjoe_overflow_24_doors, serial_shops, shop
D:8:      layout_cave_pools, nicolae_uskayaw_dance_studio, david_lair_generic,
          hangedman_abyss_or_decor_stagger, nicolae_shop_gadgets
Temple:   nicolae_temple_elliptical
Lair:1:   layout_cave_pods, kennysheep_abandoned_house, uniq_sonja
Lair:2:   layout_cave_shapes, spider_nest_entry_funnel_web, serial_bayou_pond_a,
          lemuel_fruit_tree, grunt_megastairs_4
Lair:3:   layout_gridlike, elwin_shoals_entry_stream, gauntlet_entry_generic,
          hibernation_bobbens
Gauntlet: minmay_gauntlet_77_indecision
          [minmay_gauntlet_arena_77_radiant_squares,
          minmay_gauntlet_arena_77_broken_ladder, minmay_gauntlet_arena_77_fan,
          minmay_gauntlet_arena_77_two_paths, minmay_gauntlet_arena_77_mirror,
          minmay_gauntlet_arena_77_shame_cube, gauntlet_exit_spiral]

Skill      XL: |  1  2  3  4  5  6  7  8  9 10 11 |
---------------+----------------------------------+-----
Earth Magic    | 4 5 6 7 8 10 12 13 14 15 | 15.7
Dodging        | 2 3 |  3.7
Fighting       | 1 2 4 |  4.4
Conjurations   | 2 4 6 8 |  8.5
Invocations    | 1 4 6 8 |  8.1
Armour         | 2 4 5 |  5.7
Stealth        | |  2.1
Spellcasting   | |  2.0
Transmutations | |  0.7
Evocations     | |  0.3

Action                   |  1- 3 |  4- 6 |  7- 9 | 10-12 || total
-------------------------+-------+-------+-------+-------++-------
Melee: Dagger            |    47 |     2 |       |       ||    49
 Cast: Sandblast         |    44 |    76 |    28 |    34 ||   182
       Stone Arrow       |       |     1 |    69 |   134 ||   204
       Petrify           |       |       |     1 |     2 ||     3
Evoke: Wand              |       |       |       |     2 ||     2
  Use: Scroll            |     2 |     2 |     7 |     6 ||    17
       Potion            |       |       |       |     3 ||     3
 Stab: Sleeping          |     3 |       |       |       ||     3
Armor: Robe              |    17 |     8 |     7 |       ||    32
       Ring mail         |       |       |    13 |    62 ||    75
Dodge: Dodged            |    43 |    14 |    30 |    51 ||   138

Table legend: (Time is in decaauts)
 A = Elapsed time spent in this place.
 B = Non-inter-level travel time spent in this place.
 C = Inter-level travel time spent in this place.
 D = Time resting spent in this place.
 E = Time spent auto-exploring this place.
 F = Levels seen in this place.
 G = Mean time per level.
                   A        B        C        D        E       F      G
               +--------+--------+--------+--------+--------+-----+--------+
         Total |  12496 |  12139 |    357 |   5193 |   3101 |  13 |  961.2 |
       Dungeon |   8710 |   8415 |    295 |   3467 |   2401 |   8 | 1088.8 |
        Temple |     63 |     39 |     24 |      0 |     23 |   1 |   63.0 |
          Lair |   3279 |   3241 |     38 |   1517 |    677 |   3 | 1093.0 |
      Gauntlet |    443 |    443 |      0 |    209 |      0 |   1 |  443.0 |
               +--------+--------+--------+--------+--------+-----+--------+

Top non-repeatable levels by time:
  Lair:1: 1922 daAuts
     D:4: 1580 daAuts
  Lair:2: 1310 daAuts
     D:1: 1286 daAuts
     D:8: 1253 daAuts
     D:5: 1218 daAuts
     D:7: 1085 daAuts
     D:2: 879 daAuts
     D:6: 778 daAuts
     D:3: 627 daAuts
Gauntlet: 443 daAuts
  Temple: 63 daAuts
  Lair:3: 46 daAuts
